 Dungeon Sprint DCSS version 0.30.1-4-g462c640d31 (webtiles) character file.

Game seed: 3307015637553888975

4926 Heoruswealwe the Ninja (level 10, 0/53 HPs)
             Began as a Spriggan Artificer on Sept 18, 2023.
             Was an Initiate of Gozag.
             Killed by an exploding ballistomycete spore (12 damage)
             ... in the Dungeon (Sprint I: "Red Sonja").
             The game lasted 00:07:11 (389 turns).

Heoruswealwe the Ninja (Spriggan Artificer)          Turns: 389, Time: 00:07:12

Health: 0/53       AC:  2    Str:  8    XL:     10   Next: 27%
Magic:  11/11      EV: 30    Int: 13    God:    Gozag
Gold:   709        SH:  0    Dex: 20    Spells: 9/9 levels left

rFire   . . .        a - +3 dagger (venom)
rCold   . . .        (no shield)
rNeg    . . .        c - +0 robe
rPois   .            (helmet restricted)
rElec   .            (no cloak)
rCorr   +            (gloves unavailable)
SInv    +            (boots unavailable)
Will    +....        (no amulet)
Stlth   ++++         i - ring of resist corrosion
HPRegen 0.28/turn    (no ring)
MPRegen 0.12/turn

%: no teleportation
@: confused, very quick
A: very small, no large weapons, unfitting armour, see invisible, speed 3
a: Renounce Religion, Potion Petition, Call Merchant, Bribe Branch


You were in the Dungeon.
You worshipped Gozag.
Gozag was pleased with you.
You visited 1 branch You collected 744 gold pieces.
You donated 35 gold pieces to Zin.

Inventory:

Hand Weapons
 a - a +3 dagger of venom (weapon)
Armour
 c - a +0 robe (worn)
Jewellery
 i - a ring of resist corrosion (left hand)
Wands
 d - a wand of charming (15)
 l - a wand of digging (5)
Potions
 b - a potion of degeneration {unknown}
 e - a potion of attraction {unknown}
 f - a potion of curing
 g - a potion of heal wounds
 h - a potion of haste


   Skills:
 - Level 6.5 Fighting
 - Level 8.5 Short Blades
 + Level 15.1 Dodging
 O Level 27 Stealth
 - Level 4.0 Evocations


You had 9 spell levels left.
You didn't know any spells.
Your spell library was empty.

Dungeon Overview and Level Annotations

Branches:
Dungeon (1/1)

Altars:
Cheibriados
Dithmenos
Elyvilon
Fedhas
Gozag
Hepliaklqana
Kikubaaqudgha
Nemelex Xobeh
Okawaru
Qazlal
Ru
Sif Muna
Trog
Uskayaw
Vehumet
Wu Jian
Yredelemnul
Zin
The Shining One

Shops:
D *![


Innate Abilities, Weirdness & Mutations

You are very small and have problems with some larger weapons.
You are too small for most types of armour.
You have supernaturally acute eyesight. (SInv)
You cover ground extremely quickly. (Speed+++)


Message History

There is a huge open gate here.
There is an open door here.
There is an open door here.
You now have 586 gold pieces (gained 27).
You now have 613 gold pieces (gained 27).
You now have 640 gold pieces (gained 27).
You now have 667 gold pieces (gained 27).
You open the door.
Found 19 gold pieces and 3 stones.
Found Puacarod's Armour Emporium.
There is an open door here.
You now have 686 gold pieces (gained 19).
You see here 3 stones.
There is an open door here.
You open the door.
Found 9 gold pieces, a lumpy amethyst potion and a glowing helmet.
Found 14 gold pieces.
There is an open door here.
You see here a +1 helmet.
You now have 695 gold pieces (gained 9).
b - a lumpy amethyst potion You now have 709 gold pieces (gained 14).
There is an open door here.
There is an open door here.
You open the door. 2 ballistomycete spores come into view.
Found five items.
Found 54 gold pieces.
There is an open door here.
The helpless ballistomycete spore fails to defend itself.
You spit the ballistomycete spore like a pig!!!!!
The ballistomycete spore explodes!
The explosion of spores engulfs you!
You are confused.
* * * LOW HITPOINT WARNING * * *
The ballistomycete spore waves its rhizomes.
The ballistomycete spore explodes!
The explosion of spores engulfs you!
You are more confused.
You die...
Your body crumbles into a pile of gold.

#..#_____##'#_.+
#⌠⌠#_.∩..†'..._# $$
##.#_..__##_.#'##+###
#..#_____###'#[#[...###
$
############.####'###(##
$
#∩........'...'.....'.∩#
###''''####.).##########
$ #.......####.##
#........#$#@#$ $
#..#.....#$!$!$# $
#........#$[[?$#
#.....#..#######
#........# $$ #..#.....#
$ $ $ #........# $$
###++++###


$$$$ There were no monsters in sight!

Vanquished Creatures
  Sonja (D)
  A deep troll (D)
  8 shining eyes (D)
  Sigmund (D)
  A yak (D)
  4 floating eyes (D)
  An ogre (D)
  A jelly (D)
  Ijyb (D)
  A ballistomycete spore (D)
20 creatures vanquished.

Vanquished Creatures (others)
  A ballistomycete spore (D)
1 creature vanquished.

Grand Total: 21 creatures vanquished

Notes
Turn   | Place    | Note
-------+----------+-------------------------------------------
     0 | D        | Heoruswealwe the Spriggan Artificer began the quest for the
                  | Orb.
     0 | D        | Reached XP level 1. HP: 9/9 MP: 2/2
     1 | D        | Noticed Ijyb
     5 | D        | Killed Ijyb
     6 | D        | Reached skill level 9 in Stealth
     6 | D        | Reached XP level 2. HP: 14/14 MP: 3/3
    34 | D        | Noticed an ogre
    37 | D        | Killed an ogre
    38 | D        | Reached skill level 14 in Stealth
    38 | D        | Reached XP level 3. HP: 17/17 MP: 4/4
    38 | D        | Reached XP level 4. HP: 21/21 MP: 5/5
    51 | D        | Noticed Sigmund
    65 | D        | Killed Sigmund
    66 | D        | Reached skill level 18 in Stealth
    66 | D        | Reached XP level 5. HP: 19/25 MP: 6/6
    66 | D        | Reached XP level 6. HP: 22/29 MP: 7/7
    98 | D        | Found an ornate altar of the Wu Jian Council.
    98 | D        | Found a shimmering blue altar of Sif Muna.
   100 | D        | Found a radiant altar of Vehumet.
   105 | D        | Reached skill level 19 in Stealth
   134 | D        | Found Gigh's Distillery.
   134 | D        | Found an ancient bone altar of Kikubaaqudgha.
   134 | D        | Found a hazy altar of Hepliaklqana.
   134 | D        | Found a stormy altar of Qazlal.
   134 | D        | Found a hide-covered altar of Uskayaw.
   134 | D        | Found a blossoming altar of Fedhas.
   134 | D        | Found a bloodstained altar of Trog.
   134 | D        | Found an iron altar of Okawaru.
   134 | D        | Found a basalt altar of Yredelemnul.
   134 | D        | Found a glowing golden altar of the Shining One.
   134 | D        | Found a snail-covered altar of Cheibriados.
   134 | D        | Found a sacrificial altar of Ru.
   134 | D        | Found a glowing silver altar of Zin.
   134 | D        | Found a shadowy altar of Dithmenos.
   134 | D        | Found a white marble altar of Elyvilon.
   134 | D        | Noticed a yak
   135 | D        | Found an opulent altar of Gozag.
   136 | D        | Killed a yak
   137 | D        | Reached skill level 21 in Stealth
   137 | D        | Found a sparkling altar of Nemelex Xobeh.
   142 | D        | Became a worshipper of Zin the Law-Giver
   142 | D        | Reached * piety under Zin
   142 | D        | Reached ** piety under Zin
   142 | D        | Reached *** piety under Zin
   142 | D        | Reached **** piety under Zin
   142 | D        | Reached ***** piety under Zin
   142 | D        | Reached ****** piety under Zin
   151 | D        | Noticed Sonja
   155 | D        | Killed Sonja
   156 | D        | Reached skill level 25 in Stealth
   156 | D        | Reached XP level 7. HP: 32/32 MP: 8/8
   170 | D        | Found Redoh's General Store.
   181 | D        | Noticed a shining eye
   181 | D        | Noticed a shining eye
   181 | D        | Noticed a shining eye
   181 | D        | Noticed a shining eye
   181 | D        | Noticed a shining eye
   181 | D        | Noticed a shining eye
   184 | D        | Reached skill level 1 in Fighting
   184 | D        | Reached skill level 1 in Short Blades
   184 | D        | Reached XP level 8. HP: 37/37 MP: 9/9
   184 | D        | Noticed a shining eye
   184 | D        | Noticed a shining eye
   190 | D        | Reached skill level 5 in Dodging
   196 | D        | Killed a shining eye
   197 | D        | Reached skill level 5 in Short Blades
   197 | D        | Killed a shining eye
   198 | D        | Reached skill level 26 in Stealth
   198 | D        | Reached XP level 9. HP: 46/46 MP: 10/10
   205 | D        | Killed a shining eye
   206 | D        | Reached skill level 5 in Fighting
   235 | D        | Killed a shining eye
   249 | D        | Killed a shining eye
   250 | D        | Reached skill level 10 in Dodging
   261 | D        | Killed a shining eye
   262 | D        | Reached skill level 27 in Stealth
   272 | D        | Killed a shining eye
   273 | D        | Reached XP level 10. HP: 53/53 MP: 11/11
   289 | D        | Killed a shining eye
   300 | D        | Fell from the grace of Zin
   300 | D        | Became a worshipper of Gozag Ym Sagoz the Greedy
   308 | D        | Noticed a deep troll
   339 | D        | Killed a deep troll
   340 | D        | Reached skill level 15 in Dodging
   362 | D        | Found Puacarod's Armour Emporium.
   389 | D        | Killed by an exploding ballistomycete spore

Illustrated notes

Levels and vault maps discovered:
D:        dungeon_sprint_1 [red_sonja_temple_1, red_sonja_temple_small_1]

Skill      XL: |  1  2  3  4  5  6  7  8  9 10 |
---------------+-------------------------------+-----
Stealth        | 9 14 18 25 26 27 | 27.0
Fighting       | 1 4 6 |  6.5
Short Blades   | 1 6 8 |  8.5
Dodging        | 8 12 15 | 15.1
Evocations     | |  4.0

Action                     |  1- 3 |  4- 6 |  7- 9 | 10-12 || total
---------------------------+-------+-------+-------+-------++-------
  Melee: Dagger            |       |     3 |    62 |    23 ||    88
         Punch             |       |       |     3 |       ||     3
  Evoke: Wand              |     6 |     7 |       |     8 ||    21
    Use: Scroll            |     1 |       |       |       ||     1
   Stab: Sleeping          |       |     3 |     6 |     1 ||    10
  Dodge: Dodged            |       |     2 |       |    14 ||    16
